| TOP OF THE 1ST |
|
Hawaii Islanders batting - Pitching for Eugene Emeralds : RHP Al Dopfel
|
|
Pitching: RHP Al Dopfel
|
|
|
Batting: LHB Leo Sutherland
|
0-0: Ball 1-0: Swinging Strike 1-1: SINGLE (Groundball, 56S, EV 78.1 MPH) (infield hit)
|
|
Batting: LHB Creighton Tevlin
|
0-0: Ball Leo Sutherland is caught stealing 2nd base 2-6 1-0: Foul Ball, location: 2F 1-1: Foul Ball, location: 2F 1-2: Ground out U3 (Groundball, 3, EV 88.8 MPH)
|
|
Batting: SHB Charles Valley
|
0-0: Foul Ball, location: 2F 0-1: Foul Ball, location: 2F 0-2: Ball 1-2: Ball 2-2: Ground out 4-3 (Groundball, 4M, EV 108.1 MPH)
|
| Top of the 1st over - 0 runs, 1 hit, 0 errors, 0 left on base; Hawaii 0 - Eugene 0 |
| BOTTOM OF THE 1ST |
|
Eugene Emeralds batting - Pitching for Hawaii Islanders : RHP Mark Dempsey
|
|
Pitching: RHP Mark Dempsey
|
|
|
Batting: LHB James Peters
|
0-0: Ball 1-0: Swinging Strike 1-1: Ball 2-1: Ground out U3 (Groundball, 3, EV 93.8 MPH)
|
|
Batting: LHB Randy Bush
|
0-0: Called Strike 0-1: Called Strike 0-2: Ball 1-2: Fly out, F7 (Flyball, 78S, EV 96.3 MPH)
|
|
Batting: LHB Ty Gainey
|
0-0: Called Strike 0-1: Ball 1-1: Swinging Strike 1-2: Strikes out swinging
|
| Bottom of the 1st over - 0 runs, 0 hits, 0 errors, 0 left on base; Hawaii 0 - Eugene 0 |
| TOP OF THE 2ND |
|
Hawaii Islanders batting - Pitching for Eugene Emeralds : RHP Al Dopfel
|
|
Batting: LHB Dom Fucci
|
0-0: Ball 1-0: Called Strike 1-1: Foul Ball, location: 2F 1-2: Foul Ball, location: 2F 1-2: Ground out U3 (Groundball, 34S, EV 94.4 MPH)
|
|
Batting: RHB Dave L Stapleton
|
0-0: Called Strike 0-1: Ball 1-1: Ball 2-1: Ball 3-1: Base on Balls
|
|
Batting: LHB Jerry Willard
|
0-0: Fly out, F4 (Popup, 4D, EV 63.1 MPH)
|
|
Batting: RHB Rob Teegarden
|
0-0: Called Strike 0-1: Ball 1-1: Called Strike 1-2: Strikes out swinging
|
| Top of the 2nd over - 0 runs, 0 hits, 0 errors, 1 left on base; Hawaii 0 - Eugene 0 |
| BOTTOM OF THE 2ND |
|
Eugene Emeralds batting - Pitching for Hawaii Islanders : RHP Mark Dempsey
|
|
Batting: LHB Dave Revering
|
0-0: Called Strike 0-1: SINGLE (Flyball, 34D, EV 91.9 MPH)
|
|
Batting: LHB Rick Lancellotti
|
0-0: Called Strike 0-1: Foul Ball, location: 2F 0-2: Ball 1-2: Foul Ball, location: 2F 1-2: Foul Ball, location: 2F 1-2: SINGLE (Groundball, 34D, EV 96.9 MPH) Dave Revering to second Runner from 2nd tries for 3rd, SAFE, no throw by RF
|
|
Batting: RHB Tim Wallach
|
0-0: Fly out, F5 (Line Drive, 5, EV 66.9 MPH)
|
|
Batting: LHB Milt May
|
0-0: Swinging Strike 0-1: Swinging Strike 0-2: Ball 1-2: Ball 2-2: Strikes out swinging
|
|
Batting: RHB Alan McDonald
|
0-0: Called Strike 0-1: Foul Ball, location: 2F 0-2: Foul Ball, location: 2F 0-2: Ball 1-2: Fly out, F8 (Flyball, 78D, EV 86.3 MPH)
|
| Bottom of the 2nd over - 0 runs, 2 hits, 0 errors, 2 left on base; Hawaii 0 - Eugene 0 |
| TOP OF THE 3RD |
|
Hawaii Islanders batting - Pitching for Eugene Emeralds : RHP Al Dopfel
|
|
Batting: RHB Joe Strain
|
0-0: Ball 1-0: Ball 2-0: Called Strike 2-1: Foul Ball, location: 2F 2-2: Ball 3-2: Ground out 5-3 (Groundball, 5L, EV 93.8 MPH)
|
|
Batting: RHB Michael Hanson
|
0-0: Ground out 5-3 (Groundball, 25, EV 83.1 MPH)
|
|
Batting: LHB Leo Sutherland
|
0-0: Swinging Strike 0-1: Ball 1-1: Ball 2-1: Fly out, F8 (Flyball, 8RS, EV 82.5 MPH)
|
| Top of the 3rd over - 0 runs, 0 hits, 0 errors, 0 left on base; Hawaii 0 - Eugene 0 |
| BOTTOM OF THE 3RD |
|
Eugene Emeralds batting - Pitching for Hawaii Islanders : RHP Mark Dempsey
|
|
Batting: RHB Bill Salazar
|
0-0: Ball 1-0: Ball 2-0: Foul Ball, location: 2F 2-1: Called Strike 2-2: Foul Ball, location: 2F 2-2: Ball 3-2: Base on Balls
|
|
Batting: LHB James Peters
|
0-0: Called Strike 0-1: Ball 1-1: Called Strike 1-2: Ball 2-2: Strikes out swinging
|
|
Batting: LHB Randy Bush
|
0-0: Ball 1-0: Foul Ball, location: 2F 1-1: Ball 2-1: Called Strike 2-2: Ball 3-2: Base on Balls Bill Salazar to second
|
|
Batting: LHB Ty Gainey
|
0-0: Swinging Strike 0-1: Called Strike 0-2: Strikes out looking
|
|
Batting: LHB Dave Revering
|
0-0: Fly out, F9 (Flyball, 89XD, EV 83.8 MPH)
|
| Bottom of the 3rd over - 0 runs, 0 hits, 0 errors, 2 left on base; Hawaii 0 - Eugene 0 |
| TOP OF THE 4TH |
|
Hawaii Islanders batting - Pitching for Eugene Emeralds : RHP Al Dopfel
|
|
Batting: LHB Creighton Tevlin
|
0-0: Ball 1-0: SINGLE (Groundball, 25, EV 68.8 MPH) (infield hit)
|
|
Batting: SHB Charles Valley
|
0-0: Ball 1-0: Foul Ball, location: 2F 1-1: Ball 2-1: Foul Ball, location: 2F 2-2: Foul Ball, location: 2F 2-2: Ball 3-2: SINGLE (Line Drive, 4MD, EV 103.8 MPH) Creighton Tevlin to second Creighton Tevlin to third
|
|
Batting: LHB Dom Fucci
|
0-0: Ball 1-0: Fielders Choice at 2nd, 3-6 (Groundball, 3, EV 105.0 MPH) Creighton Tevlin scores
|
|
Batting: RHB Dave L Stapleton
|
0-0: Called Strike 0-1: Fly out, F2 (Popup, 23F, EV 79.4 MPH)
|
|
Batting: LHB Jerry Willard
|
0-0: Called Strike 0-1: Ball 1-1: Ball 2-1: Foul Ball, location: 2F 2-2: Foul Ball, location: 2F 2-2: Fly out, F9 (Flyball, 89M, EV 85.0 MPH)
|
| Top of the 4th over - 1 run, 2 hits, 0 errors, 1 left on base; Hawaii 1 - Eugene 0 |
| BOTTOM OF THE 4TH |
|
Eugene Emeralds batting - Pitching for Hawaii Islanders : RHP Mark Dempsey
|
|
Batting: LHB Rick Lancellotti
|
0-0: Ball 1-0: Ball 2-0: Ball 3-0: Base on Balls
|
|
Batting: RHB Tim Wallach
|
0-0: Fly out, F8 (Flyball, 8RXD, EV 104.4 MPH)
|
|
Batting: LHB Milt May
|
0-0: Ball 1-0: Fly out, F7 (Flyball, 7S, EV 84.4 MPH)
|
|
Batting: RHB Alan McDonald
|
0-0: Ground out 5-3 (Groundball, 56, EV 89.4 MPH)
|
| Bottom of the 4th over - 0 runs, 0 hits, 0 errors, 1 left on base; Hawaii 1 - Eugene 0 |
| TOP OF THE 5TH |
|
Hawaii Islanders batting - Pitching for Eugene Emeralds : RHP Al Dopfel
|
|
Batting: RHB Rob Teegarden
|
0-0: Called Strike 0-1: Swinging Strike 0-2: Strikes out swinging
|
|
Batting: RHB Joe Strain
|
0-0: Called Strike 0-1: Called Strike 0-2: Ball 1-2: Ball 2-2: DOUBLE (Groundball, 5L, EV 103.1 MPH)
|
|
Batting: RHB Michael Hanson
|
0-0: Ball 1-0: Ground out 5-3 (Groundball, 56S, EV 93.8 MPH)
|
|
Batting: LHB Leo Sutherland
|
0-0: Called Strike 0-1: Swinging Strike 0-2: Strikes out swinging
|
| Top of the 5th over - 0 runs, 1 hit, 0 errors, 1 left on base; Hawaii 1 - Eugene 0 |
| BOTTOM OF THE 5TH |
|
Eugene Emeralds batting - Pitching for Hawaii Islanders : RHP Mark Dempsey
|
|
Batting: RHB Bill Salazar
|
0-0: Ground out 6-3 (Groundball, 6, EV 105.0 MPH)
|
|
Batting: LHB James Peters
|
0-0: Swinging Strike 0-1: Swinging Strike 0-2: Strikes out swinging, 2-3 out at first.
|
|
Batting: LHB Randy Bush
|
0-0: Fly out, F7 (Flyball, 7, EV 91.3 MPH)
|
| Bottom of the 5th over - 0 runs, 0 hits, 0 errors, 0 left on base; Hawaii 1 - Eugene 0 |
| TOP OF THE 6TH |
|
Hawaii Islanders batting - Pitching for Eugene Emeralds : RHP Al Dopfel
|
|
Batting: LHB Creighton Tevlin
|
0-0: Swinging Strike 0-1: Ball 1-1: SINGLE (Groundball, 6M, EV 109.4 MPH) (infield hit)
|
|
Batting: SHB Charles Valley
|
0-0: Ball 1-0: Foul Ball, location: 2F 1-1: Ball 2-1: Called Strike 2-2: Foul Ball, location: 2F 2-2: Ball 3-2: 2-RUN HOME RUN (Flyball, 9LD, EV 106.9 MPH), Distance : 361 ft
|
|
Batting: LHB Dom Fucci
|
0-0: Foul Ball, location: 2F 0-1: Ball 1-1: Ball 2-1: Fly out, F9 (Flyball, 89D, EV 102.5 MPH)
|
|
Batting: RHB Dave L Stapleton
|
0-0: Fly out, F9 (Line Drive, 9, EV 98.8 MPH)
|
|
Batting: LHB Jerry Willard
|
0-0: Called Strike 0-1: Swinging Strike 0-2: Strikes out swinging
|
| Top of the 6th over - 2 runs, 2 hits, 0 errors, 0 left on base; Hawaii 3 - Eugene 0 |
| BOTTOM OF THE 6TH |
|
Eugene Emeralds batting - Pitching for Hawaii Islanders : RHP Mark Dempsey
|
|
Batting: LHB Ty Gainey
|
0-0: Foul Ball, location: 2F 0-1: Ball 1-1: Called Strike 1-2: Ball 2-2: Strikes out swinging
|
|
Batting: LHB Dave Revering
|
0-0: Ball 1-0: Ball 2-0: DOUBLE (Line Drive, 7LD, EV 104.4 MPH)
|
|
Batting: LHB Rick Lancellotti
|
0-0: Called Strike 0-1: Ball 1-1: Ball 2-1: Ball 3-1: Foul Ball, location: 2F 3-2: Fly out, F9 (Flyball, 9LM, EV 90.6 MPH)
|
|
Batting: RHB Tim Wallach
|
0-0: Called Strike 0-1: Ball 1-1: SINGLE (Groundball, 56D, EV 109.4 MPH) Dave Revering to third Runner from 3rd tries for Home, SAFE, throw by LF to home
|
|
Batting: LHB Milt May
|
0-0: Ball 1-0: Ground out 1-3 (Groundball, 13, EV 71.3 MPH)
|
| Bottom of the 6th over - 1 run, 2 hits, 0 errors, 1 left on base; Hawaii 3 - Eugene 1 |
| TOP OF THE 7TH |
|
Hawaii Islanders batting - Pitching for Eugene Emeralds : RHP Al Dopfel
|
|
Batting: RHB Rob Teegarden
|
0-0: Called Strike 0-1: Ball 1-1: Ball 2-1: Foul Ball, location: 2F 2-2: Ball 3-2: Strikes out swinging
|
|
Batting: RHB Joe Strain
|
0-0: Called Strike 0-1: Ball 1-1: Swinging Strike 1-2: Foul Ball, location: 2F 1-2: Strikes out swinging
|
|
Batting: RHB Michael Hanson
|
0-0: Ground out 5-3 (Groundball, 56, EV 79.4 MPH)
|
| Top of the 7th over - 0 runs, 0 hits, 0 errors, 0 left on base; Hawaii 3 - Eugene 1 |
| BOTTOM OF THE 7TH |
|
Eugene Emeralds batting - Pitching for Hawaii Islanders : RHP Mark Dempsey
|
|
Batting: RHB Alan McDonald
|
0-0: Called Strike 0-1: DOUBLE (Line Drive, 8RXD, EV 97.5 MPH)
|
|
Batting: RHB Bill Salazar
|
0-0: Swinging Strike 0-1: Ball 1-1: Ball 2-1: Foul Ball, location: 2F 2-2: Foul Ball, location: 2F 2-2: Foul Ball, location: 2F 2-2: Strikes out looking
|
|
Batting: LHB James Peters
|
0-0: DOUBLE (Line Drive, 3D, EV 108.1 MPH) Alan McDonald scores
|
|
Batting: LHB Randy Bush
|
0-0: Called Strike 0-1: Ball 1-1: Ball James Peters steals 3rd base 2-1: Fly out, F5 (Popup, 5SF, EV 90.0 MPH)
|
|
Batting: LHB Ty Gainey
|
0-0: Called Strike 0-1: Ground out U3 (Groundball, 3, EV 84.4 MPH)
|
| Bottom of the 7th over - 1 run, 2 hits, 0 errors, 1 left on base; Hawaii 3 - Eugene 2 |
| TOP OF THE 8TH |
|
Hawaii Islanders batting - Pitching for Eugene Emeralds : RHP Al Dopfel
|
|
Batting: LHB Leo Sutherland
|
0-0: Ground out U3 (Groundball, 3, EV 83.1 MPH)
|
|
Batting: LHB Creighton Tevlin
|
0-0: Ball 1-0: Ground out 4-3 (Groundball, 4, EV 98.8 MPH)
|
|
Batting: SHB Charles Valley
|
0-0: Called Strike 0-1: Called Strike 0-2: Ball 1-2: Strikes out swinging
|
| Top of the 8th over - 0 runs, 0 hits, 0 errors, 0 left on base; Hawaii 3 - Eugene 2 |
| BOTTOM OF THE 8TH |
|
Eugene Emeralds batting - Pitching for Hawaii Islanders : RHP Mark Dempsey
|
|
Batting: LHB Dave Revering
|
0-0: Foul Ball, location: 2F 0-1: Swinging Strike 0-2: Strikes out looking
|
|
Batting: LHB Rick Lancellotti
|
0-0: Ball 1-0: Ball 2-0: Called Strike 2-1: SINGLE (Line Drive, 9S, EV 97.5 MPH)
|
|
Pinch Hitting: LHB Terry Bogener
|
0-0: Ball 1-0: Sac Bunt to 5S - play at first, batter OUT! 5-3 Rick Lancellotti to second
|
|
Batting: LHB Milt May
|
0-0: Fly out, F8 (Flyball, 8LXD, EV 93.8 MPH)
|
| Bottom of the 8th over - 0 runs, 1 hit, 0 errors, 1 left on base; Hawaii 3 - Eugene 2 |
| TOP OF THE 9TH |
|
Hawaii Islanders batting - Pitching for Eugene Emeralds : RHP Al Dopfel
|
|
Now at 3B: Adrian McCarthy
|
|
|
Batting: LHB Dom Fucci
|
0-0: Ball 1-0: Swinging Strike 1-1: Ball 2-1: Called Strike 2-2: Strikes out looking
|
|
Batting: RHB Dave L Stapleton
|
0-0: Ground out 6-3 (Groundball, 6, EV 86.9 MPH)
|
|
Batting: LHB Jerry Willard
|
0-0: Ball 1-0: Called Strike 1-1: Swinging Strike 1-2: Strikes out looking
|
| Top of the 9th over - 0 runs, 0 hits, 0 errors, 0 left on base; Hawaii 3 - Eugene 2 |
| BOTTOM OF THE 9TH |
|
Eugene Emeralds batting - Pitching for Hawaii Islanders : RHP Mark Dempsey
|
|
Pitching: LHP Richard Broas
|
|
|
Batting: RHB Alan McDonald
|
0-0: Ball 1-0: Called Strike 1-1: Swinging Strike 1-2: Ball 2-2: Foul Ball, location: 2F 2-2: Ball 3-2: Strikes out swinging
|
|
Pinch Hitting: RHB Jesus Vega
|
0-0: Foul Ball, location: 2F 0-1: Foul Ball, location: 2F 0-2: Strikes out swinging
|
|
Batting: LHB James Peters
|
0-0: Foul Ball, location: 2F 0-1: Ball 1-1: Ball 2-1: Foul Ball, location: 2F 2-2: Ball 3-2: Strikes out swinging
|
| Bottom of the 9th over - 0 runs, 0 hits, 0 errors, 0 left on base; Hawaii 3 - Eugene 2 |
|